 Dungeon Crawl Stone Soup version 0.32-a0-673-g3729bd50f8 (webtiles) character file.

Game seed: 7068129480801526144

486 Kaboulah the Sneak (level 7, -2/40 HPs)
             Began as a Kobold Enchanter on Mar 10, 2024.
             Was a Follower of Dithmenos.
             Killed from afar by a white imp (9 damage)
             ... with a puff of frost
             ... on level 5 of the Dungeon.
             The game lasted 00:31:16 (3611 turns).

Kaboulah the Sneak (Kobold Enchanter)               Turns: 3611, Time: 00:31:16

Health: -2/40      AC:  2    Str:  5    XL:     7   Next: 35%
Magic:  20/21      EV: 16    Int: 16    God:    Dithmenos [*.....]
Gold:   288        SH:  0    Dex: 18    Spells: 10/12 levels left

rFire   . . .        a - +1 dagger
rCold   . . .        (no shield)
rNeg    . . .        b - +0 robe
rPois   .            (no helmet)
rElec   .            u - scarf {shadows}
rCorr   +            (no gloves)
SInv    .            (no boots)
Will    .....        (no amulet)
Stlth   +++++        m - ring of magical power
HPRegen 0.26/turn    o - ring of resist corrosion
MPRegen 0.17/turn

%: no passive effects
@: wreathed by umbra
A: small, no large weapons, nightstalker 3
a: Renounce Religion


You were on level 5 of the Dungeon.
You worshipped Dithmenos.
Dithmenos was aware of your devotion.
You visited 2 branches of the dungeon, and saw 6 of its levels.

You collected 288 gold pieces.

Inventory:

Hand Weapons
 a - a +1 dagger (weapon)
Armour
 b - a +0 robe (worn)
 u - a scarf of shadows (worn)
Jewellery
 m - a ring of magical power (left hand)
 o - a ring of resist corrosion (right hand)
Talismans
 j - a serpent talisman
 n - a flux talisman
Wands
 e - a wand of flame (20)
Scrolls
 d - a scroll of teleportation
 f - a scroll of fear
 g - 2 scrolls of revelation {unknown}
 k - a scroll of immolation {unknown}
 r - 2 scrolls of enchant armour {unknown}
 t - a scroll of enchant weapon {unknown}
 w - a scroll of amnesia {unknown}
Potions
 c - 2 potions of invisibility
 i - a potion of haste {unknown}
 l - 2 potions of lignification
 p - a potion of heal wounds {unknown}
 q - 2 potions of enlightenment
 s - a potion of magic {unknown}
 v - a potion of might {unknown}


   Skills:
 + Level 2.7 Fighting
 + Level 3.7 Short Blades
 + Level 4.1 Dodging
 + Level 5.5 Stealth
 + Level 3.4 Spellcasting
 + Level 4.1 Hexes
 + Level 2.1 Invocations
 - Level 0.4 Evocations


You had 10 spell levels left.
You knew the following spells:

 Your Spells              Type           Power      Damage    Failure   Level
a - Ensorcelled Hibernat  Hex/Ice        18%        N/A       12%         2

Your spell library contained the following spells:

 Spells                   Type           Power      Damage    Failure   Level
 Confusing Touch          Hex            15%        N/A       10%         3
 Tukima's Dance           Hex            15%        N/A       10%         3
 Sting                    Conj/Alch      8%         1d3       19%         1
 Dazzling Flash           Conj/Hex       18%        N/A       22%         3
 Mercury Vapours          Alch/Air       4%         N/A       26%         2
 Mephitic Cloud           Conj/Alch/Air  2%         N/A       47%         3
 Olgreb's Toxic Radiance  Alch           2%         N/A       87%         4
 Summon Blazeheart Golem  Fire/Summ      2%         N/A       87%         4
 Freezing Cloud           Conj/Ice/Air   1%         6-21      99%         5
 Orb of Destruction       Conj           1%         9d5       100%        7
 Spellforged Servitor     Conj/Summ      1%         N/A       100%        7


Dungeon Overview and Level Annotations

Branches:
Dungeon (5/15)             Temple (1/1) D:4

Altars:
Ashenzari
Cheibriados
Dithmenos
Elyvilon
Fedhas
Kikubaaqudgha
Nemelex Xobeh
Okawaru
Qazlal
Ru
Sif Muna
Uskayaw
Vehumet
Wu Jian
Xom
Yredelemnul
Zin
The Shining One

Annotations:
D:2 Robin


Innate Abilities, Weirdness & Mutations

You are small and have problems with some larger weapons.
You are completely attuned to the shadows.


Message History

You closely miss the hound.
The hound is almost dead.
The hound closely misses you.
You hit the hound.
You kill the hound!
Dithmenos accepts your kill.
Aiming: Ensorcelled Hibernation (safe; 12% risk of failure)
Press: ? - help, Q - select action, (/) - cycle Shift-Dir - straight line, f - you
Okay, then.
Press: ? - help, v - describe, . - travel
Here: a white imp (umbra)
The floor, spattered with blood.
The white imp misses you.
You see here a hound corpse.
You hit the white imp.
The white imp is lightly wounded.
The white imp misses you.
You closely miss the white imp.
The white imp is lightly wounded.
The white imp misses you.
You hit the white imp but do no damage.
The white imp is lightly wounded.
The white imp completely misses you.
You hit the white imp.
The white imp is moderately wounded.
The white imp hits you. The white imp freezes you.
You completely miss the white imp.
The white imp is moderately wounded.
The white imp hits you.
* * * LOW HITPOINT WARNING * * *
The white imp freezes you.
* * * LOW HITPOINT WARNING * * *
Aiming: Throw Flame
Press: ? - help, Q - select action, (/) - cycle Shift-Dir - straight line, f - white imp
Aim: a white imp (moderately wounded, umbra, 68% to hit)
The puff of flame hits the white imp.
The white imp is burned terribly!
The white imp is severely wounded.
The white imp gestures at you. The puff of frost hits you!
You die...

###### #....# #.#
#....## ... #.#
#.....###.... #.#######
#.....@5..._.
.........##....##......
#........##....##...../
#........##.... #.....#
#........##.... #.....#
.#####....#.... #####.#
..####....#....
.....'....'....
#.####....#....


You could see a white imp.

Vanquished Creatures
  An ogre (D:5)
  A scorpion (D:5)
  A howler monkey (D:5)
  3 hounds
  An orc priest (D:4)
  An iguana (D:4)
  An orc wizard (D:4)
  4 gnolls (D:4)
  2 adders
  3 dart slugs
  A ribbon worm (D:5)
  4 orcs
  8 bats
  5 endoplasms
  2 giant cockroaches (D:4)
  5 goblins
  7 hobgoblins
  5 jackals
  2 quokkas
  8 ball pythons
  A frilled lizard (D:1)
  9 kobolds
  3 rats
78 creatures vanquished.

Notes
Turn   | Place    | Note
-------+----------+-------------------------------------------
     0 | D:1      | Kaboulah the Kobold Enchanter began the quest for the Orb.
     0 | D:1      | Reached XP level 1. HP: 10/10 MP: 3/3
   130 | D:1      | You fall into a shaft and drop 1 floor!
   233 | D:2      | Reached XP level 2. HP: 12/16 MP: 5/5
   340 | D:2      | Reached XP level 3. HP: 20/20 MP: 6/6
   388 | D:1      | Reached skill level 1 in Fighting
   413 | D:1      | Learned a level 2 spell: Ensorcelled Hibernation
   727 | D:1      | Reached XP level 4. HP: 25/25 MP: 7/7
  1281 | D:2      | Noticed Robin
  1494 | D:3      | Found an iron altar of Okawaru.
  1494 | D:3      | Found an ornate altar of the Wu Jian Council.
  1609 | D:3      | Found a sacrificial altar of Ru.
  1949 | D:3      | Found a faded altar of an unknown god.
  2009 | D:3      | Found an ancient bone altar of Kikubaaqudgha.
  2282 | D:4      | Found a staircase to the Ecumenical Temple.
  2296 | Temple   | Entered the Ecumenical Temple
  2311 | Temple   | Became a worshipper of Dithmenos the Shadowed
  2474 | D:4      | Reached XP level 5. HP: 29/29 MP: 9/9
  2851 | D:4      | Reached skill level 1 in Invocations
  2879 | D:4      | Reached skill level 5 in Stealth
  2879 | D:4      | Reached XP level 6. HP: 35/35 MP: 9/10
  3319 | D:5      | Entered Level 5 of the Dungeon
  3381 | D:5      | Reached * piety under Dithmenos
  3404 | D:5      | Noticed an ogre
  3408 | D:5      | Killed an ogre
  3409 | D:5      | Reached XP level 7. HP: 14/40 MP: 12/12
  3575 | D:5      | Found a glowing golden altar of the Shining One.
  3611 | D:5      | Killed from afar by a white imp

Illustrated notes

Levels and vault maps discovered:
D:1:      heliophobic_arrival_dark_side_of_the_moon, layout_basic
D:2:      layout_rooms, uniq_robin
D:3:      layout_loops_ring, nicolae_ru_path_of_blood,
          mainiacjoe_overflow_six_doors_small, nicolae_overflow_squiral,
          shapermc_ecumenical_altar_petra
D:4:      layout_loops_cross, minmay_temple_entry_offerings
D:5:      layout_basic, nicolae_overflow_crystal_walls, serial_shops,
          nicolae_shop_rolling_square
Temple:   nicolae_temple_figure_eight

Skill      XL: |  1  2  3  4  5  6  7 |
---------------+----------------------+-----
Fighting       | 1 2 |  2.7
Short Blades   | 2 3 |  3.7
Dodging        | 3 4 |  4.1
Spellcasting   | 3 |  3.4
Invocations    | 1 2 |  2.1
Stealth        | 5 |  5.5
Hexes          | 4 |  4.1
Evocations     | |  0.4

Action                     |  1- 3 |  4- 6 |  7- 9 || total
---------------------------+-------+-------+-------++-------
  Melee: Dagger            |   100 |    96 |    28 ||   224
   Cast: Ensorcelled Hiber |       |    21 |     2 ||    23
  Evoke: Wand              |       |       |     1 ||     1
    Use: Scroll            |       |     5 |       ||     5
   Stab: Sleeping          |    20 |    28 |     1 ||    49
 Armour: Robe              |    30 |    23 |    11 ||    64
  Dodge: Dodged            |   101 |    64 |    32 ||   197

Table legend: (Time is in decaauts)
 A = Elapsed time spent in this place.
 B = Non-inter-level travel time spent in this place.
 C = Inter-level travel time spent in this place.
 D = Time resting spent in this place.
 E = Time spent auto-exploring this place.
 F = Levels seen in this place.
 G = Mean time per level.
                   A        B        C        D        E       F      G
               +--------+--------+--------+--------+--------+-----+--------+
         Total |   3584 |   3500 |     84 |    334 |   1706 |   6 |  597.3 |
       Dungeon |   3557 |   3473 |     84 |    334 |   1706 |   5 |  711.4 |
        Temple |     27 |     27 |      0 |      0 |      0 |   1 |   27.0 |
               +--------+--------+--------+--------+--------+-----+--------+

Top non-repeatable levels by time:
     D:4: 1181 daAuts
     D:3: 883 daAuts
     D:1: 773 daAuts
     D:2: 517 daAuts
     D:5: 200 daAuts
  Temple: 27 daAuts
